Map: New Gettysburg LE

Players

ByRada - Winner!

  • Race: Zerg Zerg
  • League: Grandmaster
  • Spawn Location: 5:00

JimRising

  • Race: Zerg Zerg
  • League: Master
  • Spawn Location: 7:00

Event: Copa América 2016 Grand Finals

VOD

Have the link to the VOD?

Description

Time

  • Played on: Oct. 13, 2016, 3:41 p.m.
  • Length: 14:56

All games in this series

Show
View Real Time Build Order
Export as new Build Order

ByRada Zerg - Winner!

Build Orders: Hatch First, Muta Ling Bane 

Get SALT Encoding   

  12  0:00  Drone  
  13  0:08  Drone  
  14  0:17  Overlord  
  14  0:22  Extractor  
  14  0:23  Drone  
  15  0:35  Drone x2  
  17  0:52  Hatchery  
  17  0:55  Drone  
  17  0:59  Drone  
  18  1:05  Extractor  
  17  1:16  Spawning Pool  
  17  1:17  Drone  
  17  1:22  Drone  
  18  1:27  Drone  
  19  1:37  Overlord  
  19  1:47  Drone  
  20  2:02  Queen  
  20  2:03  Zergling x2  
  20  2:05  Queen  
  20  2:06  Metabolic Boost  
  25  2:10  Drone  
  25  2:13  Drone  
  27  2:18  Zergling x2  
  28  2:23  Drone  
  29  2:37  Extractor  
  29  2:39  Drone  
  29  2:40  Drone x2  
  32  2:46  Lair  
  32  2:49  Spine Crawler  
  31  2:51  Drone  
  31  2:52  Drone  
  33  3:00  Overlord  
  33  3:03  Drone x2  
  35  3:08  Extractor  
  34  3:13  Drone x2  
  34  3:19  Overlord  
  36  3:21  Spine Crawler  
  33  3:37  Drone x2  
  33  3:38  Drone x4  
  38  3:50  Zergling x2  
  38  3:51  Zergling x10  
  38  3:54  Queen  
  46  3:57  Zergling x4  
  48  4:06  Drone  
  48  4:08  Spire  
  48  4:16  Overlord  
  47  4:25  Spine Crawler  
  47  4:28  Spine Crawler  
  43  4:35  Extractor x2  
  41  4:42  Overlord  
  41  4:45  Drone  
  41  4:46  Drone x7  
  48  4:53  Drone  
  50  5:06  Spine Crawler  
  46  5:08  Spine Crawler  
  45  5:16  Spine Crawler  
  45  5:19  Mutalisk x5  
  54  5:24  Drone x3  
  54  5:25  Drone  
  58  5:31  Overlord  
  61  5:43  Overlord  
  61  5:45  Overlord  
  61  5:54  Drone x2  
  61  5:56  Evolution Chamber, Baneling Nest  
  61  5:57  Hatchery, Drone  
  62  6:03  Mutalisk x3  
  65  6:07  Zerg Flyer Weapons Level 1  
  67  6:12  Drone x3  
  70  6:21  Mutalisk x2  
  74  6:31  Zerg Melee Weapons Level 1  
  74  6:35  Drone x4  
  74  6:36  Drone x3  
  81  6:40  Drone x2  
  81  6:43  Overlord  
  83  6:50  Overseer  
  83  6:54  Overlord  
  83  7:14  Drone x9  
  92  7:23  Centrifical Hooks  
  92  7:28  Hatchery  
  92  7:29  Zergling x6  
  94  7:32  Zergling x12  
  94  7:33  Zergling x2  
  101  7:37  Queen  
  101  7:39  Zergling x2, Extractor  
  103  7:55  Zergling x4  
  105  7:59  Overlord x2  
  105  8:04  Infestation Pit  
  105  8:05  Extractor  
  101  8:18  Drone x2  
  101  8:19  Drone  
  102  8:21  Drone x7  
  109  8:30  Zerg Melee Weapons Level 2  
  109  8:32  Zergling x8  
  109  8:33  Zergling x8  
  117  8:39  Zergling x4  
  117  8:40  Hive  
  119  8:41  Zergling x2  
  119  8:42  Zergling x2  
  120  8:52  Zergling x8  
  122  9:06  Overlord x2  
  122  9:08  Drone  
  122  9:09  Evolution Chamber  
  111  9:13  Zergling x20  
  115  9:20  Zergling x4, Queen  
  115  9:22  Zergling x2  
  115  9:23  Extractor  
  115  9:24  Extractor  
  116  9:32  Zergling x12  
  116  9:35  Zerg Ground Armor Level 1  
  116  9:37  Hatchery  
  121  9:44  Overlord x2  
  118  9:48  Overlord x2  
  118  9:55  Ultralisk Cavern  
  118  9:58  Zergling x26  
  124  10:00  Zergling x2  
  124  10:03  Baneling x19  
  124  10:04  Baneling x8  
  124  10:06  Adrenal Glands  
  124  10:07  Zergling x10  
  124  10:09  Zergling x2  
  124  10:12  Zergling x2  
  112  10:35  Drone x4  
  95  10:36  Drone x3  
  98  10:45  Ultralisk x4  
  119  10:54  Chitinous Plating  
  119  10:55  Zerg Melee Weapons Level 3  
  118  11:01  Ultralisk  
  124  11:07  Ultralisk  
  124  11:10  Drone x3  
  131  11:23  Ultralisk  
  137  11:29  Ultralisk  
  137  11:31  Baneling x10  
  143  11:34  Zergling x6  
  143  11:35  Zergling x2  
  143  11:39  Zergling x8  
  151  11:42  Zergling x2  
  151  11:43  Zergling x4  
  154  11:51  Zergling x2  
  154  11:52  Zergling x16  
  152  12:05  Ultralisk x2  
  152  12:07  Zergling x4  
  152  12:20  Zergling x20  
  158  12:28  Zergling x6  
  158  12:29  Zergling x4  
  155  12:40  Zergling x16  
  155  12:42  Baneling x6  
  157  13:03  Mutalisk x8  
  157  13:07  Zergling x6  
  157  13:08  Zergling x2  
  144  13:25  Mutalisk x3  
  144  13:26  Mutalisk x4  
  124  13:39  Ultralisk  
  123  13:42  Zergling x12  
  123  13:49  Zergling x12  
  123  13:51  Zergling x2  
  122  14:10  Zergling x2  
  122  14:11  Zergling x16  
  122  14:16  Zergling x2  
  122  14:17  Zergling x6  
  109  14:32  Zergling x12  
Show
View Real Time Build Order
Export as new Build Order

JimRising Zerg 

Build Orders: Pool First, Lurkers 

Get SALT Encoding   

  12  0:00  Drone  
  13  0:13  Overlord  
  13  0:18  Drone  
  14  0:32  Drone  
  14  0:33  Drone  
  16  0:41  Spawning Pool  
  15  0:47  Drone  
  15  0:49  Drone  
  17  1:12  Hatchery  
  16  1:28  Zergling x6  
  16  1:30  Queen  
  21  1:39  Overlord  
  21  1:42  Extractor  
  20  1:50  Drone  
  21  2:00  Drone  
  22  2:05  Queen  
  24  2:12  Drone  
  25  2:22  Drone  
  26  2:23  Queen  
  26  2:26  Drone  
  29  2:33  Drone  
  30  2:39  Drone  
  30  2:40  Drone x3  
  34  2:45  Metabolic Boost  
  34  2:48  Drone  
  35  2:53  Overlord  
  35  2:57  Drone  
  36  3:11  Baneling Nest, Drone x2  
  36  3:12  Drone  
  37  3:13  Zergling x2  
  37  3:15  Drone  
  39  3:27  Zergling x4  
  41  3:35  Hatchery  
  39  3:41  Roach Warren  
  39  3:46  Zergling x6  
  40  3:53  Overlord  
  40  3:55  Zergling x4  
  42  3:56  Drone  
  42  3:58  Extractor  
  42  4:04  Drone x2  
  42  4:05  Baneling  
  42  4:06  Baneling  
  42  4:07  Overlord  
  43  4:23  Roach x4  
  46  4:33  Roach  
  46  4:35  Drone x5  
  46  4:36  Roach  
  50  4:42  Drone x4  
  54  4:48  Ravager, Queen  
  54  4:51  Zergling x4  
  55  4:54  Zergling x2, Ravager  
  55  4:59  Drone  
  57  5:05  Drone x5  
  62  5:08  Queen  
  64  5:16  Evolution Chamber, Drone  
  64  5:17  Overlord  
  64  5:18  Overlord  
  64  5:21  Overlord  
  63  5:29  Queen  
  63  5:32  Overlord  
  63  5:35  Spore Crawler, Drone  
  65  5:43  Zerg Missile Weapons Level 1, Drone x2  
  65  5:44  Drone x3  
  65  5:48  Queen  
  72  5:52  Drone  
  72  5:53  Spore Crawler  
  72  5:56  Zergling x6  
  73  6:00  Spore Crawler  
  73  6:02  Spore Crawler  
  67  6:06  Lair  
  65  6:12  Roach x2  
  69  6:22  Drone x2  
  69  6:24  Queen  
  73  6:25  Extractor  
  73  6:27  Drone x3  
  73  6:28  Evolution Chamber, Drone  
  73  6:29  Drone x4  
  73  6:30  Drone  
  80  6:34  Spore Crawler  
  79  6:40  Overlord  
  79  6:43  Drone  
  79  6:44  Extractor, Drone x3  
  82  6:49  Extractor, Drone x3  
  82  6:51  Roach x2  
  88  6:54  Zerg Ground Armor Level 1  
  88  6:56  Overlord  
  88  7:06  Roach x2  
  88  7:07  Roach x2  
  88  7:08  Roach x2  
  98  7:16  Drone  
  98  7:17  Drone  
  98  7:19  Extractor, Hydralisk Den  
  98  7:20  Drone x3  
  98  7:21  Overlord x2, Roach x2  
  98  7:22  Overlord  
  105  7:24  Glial Reconstitution  
  105  7:35  Drone  
  106  7:37  Spine Crawler  
  106  7:38  Overlord x2  
  104  7:49  Zerg Missile Weapons Level 2  
  104  7:51  Hydralisk x5, Muscular Augments  
  103  7:53  Drone  
  113  8:01  Hydralisk  
  113  8:03  Hatchery  
  114  8:09  Overlord  
  112  8:18  Hydralisk x5  
  112  8:19  Hydralisk x2  
  126  8:26  Drone  
  127  8:30  Hydralisk x4  
  135  8:36  Hydralisk  
  135  8:37  Hydralisk  
  139  8:59  Hydralisk x3, Hatchery  
  139  9:00  Hydralisk  
  144  9:05  Roach x5  
  148  9:12  Roach x4  
  148  9:22  Hydralisk, Drone  
  148  9:23  Roach x2  
  148  9:24  Roach x2  
  153  9:28  Lurker Den  
  153  9:31  Roach x2  
  157  9:39  Drone  
  158  9:46  Overlord x3  
  158  9:49  Zerg Ground Armor Level 2  
  158  9:52  Infestation Pit  
  157  9:59  Drone x2  
  160  10:00  Drone  
  160  10:04  Extractor x2, Roach  
  160  10:05  Roach x7  
  160  10:06  Roach  
  176  10:08  Hydralisk  
  144  10:30  Hydralisk  
  144  10:31  Hydralisk x7  
  124  10:39  Hydralisk x2  
  124  10:40  Spore Crawler  
  124  10:41  Drone x2  
  124  10:42  Drone  
  122  10:44  Drone x3  
  122  10:45  Drone x2  
  122  10:46  Roach x3  
  122  10:48  Roach  
  133  10:53  Roach x3  
  135  11:10  Lurker x4  
  139  11:11  Drone  
  139  11:12  Drone x2  
  139  11:18  Hydralisk x3  
  142  11:21  Drone x2  
  150  11:26  Hydralisk x3  
  150  11:27  Drone x3  
  150  11:28  Extractor, Drone x2  
  150  11:29  Extractor, Drone x4  
  150  11:32  Hydralisk x2  
  163  11:34  Drone  
  168  11:49  Hydralisk x5  
  168  11:50  Hydralisk  
  178  12:05  Hydralisk x2  
  162  12:17  Lurker x3  
  162  12:18  Spine Crawler  
  162  12:19  Spine Crawler x2  
  162  12:20  Spine Crawler  
  157  12:25  Hydralisk  
  157  12:26  Hydralisk x2  
  157  12:27  Lurker, Roach x3  
  157  12:28  Lurker x3  
  157  12:29  Drone x4  
  167  12:33  Drone  
  167  12:35  Spine Crawler  
  167  12:36  Spine Crawler  
  167  12:37  Spine Crawler x3  
  165  12:38  Hydralisk x3, Lurker x2  
  165  12:41  Drone x3  
  164  13:00  Roach  
  164  13:01  Roach x11  
  161  13:08  Hydralisk x3  
  161  13:11  Hydralisk  
  134  13:26  Hydralisk x2  
  107  13:30  Hydralisk x3  
  105  13:40  Hydralisk x3  
  107  13:56  Hydralisk x2  
  107  14:02  Hatchery  
  78  14:22  Hydralisk x2  
  78  14:23  Hydralisk x5  
  86  14:29  Hydralisk  
  82  14:32  Hydralisk  
Tags
 
Add a new tag
Caveats
  • Supply blocks, unpowered buildings, or Contaminate may cause inaccurate times.
  • Supply counts are checked every 10 seconds.